 Dungeon Crawl Stone Soup version 0.30-a0-867-g305f33218d (webtiles) character file.

Game seed: 13423795607527260781

2282 BubbleThief the Cleaver (level 9, -8/79 HPs)
             Began as a Hill Orc Fighter on Mar 10, 2023.
             Was an Initiate of Hepliaklqana.
             Mangled by an orc warrior
             ... wielding a +0 battleaxe
              (15 damage)
             ... on level 6 of the Dungeon.
             The game lasted 00:07:58 (5567 turns).

BubbleThief the Cleaver (Hill Orc Fighter)          Turns: 5567, Time: 00:07:58

Health: -8/79      AC: 11    Str: 23    XL:     9   Next: 39%
Magic:  9/9        EV:  9    Int:  8    God:    Hepliaklqana [......]
Gold:   248        SH:  5    Dex: 10    Spells: 8/8 levels left

rFire   . . .      SeeInvis .    a - +0 war axe
rCold   . . .      Faith    .    c - +0 buckler
rNeg    . . .      Spirit   .    b - +0 scale mail
rPois   .          Reflect  .    m - +0 helmet
rElec   .          Rampage  .    (no cloak)
rCorr   .                        A - +0 pair of gloves
Will    .....                    B - +0 pair of boots Stlth
                                 (no amulet)
HPRegen 0.33/turn                (no ring)
MPRegen 0.11/turn                (no ring)

@: no status effects
A: no striking features
a: Renounce Religion, Convert to Beogh


You were on level 6 of the Dungeon.
You worshipped Hepliaklqana.
Hepliaklqana was noncommittal.
You visited 1 branch of the dungeon, and saw 7 of its levels.

You collected 248 gold pieces.

Inventory:

Hand Weapons
 a - a +0 war axe (weapon)
Armour
 b - a +0 scale mail (worn)
 c - a +0 buckler (worn)
 m - a +0 helmet (worn)
 A - a +0 pair of gloves (worn)
 B - a +0 pair of boots (worn)
Jewellery
 r - an amulet of magic regeneration
Wands
 v - a wand of roots (8)
 z - a wand of polymorph (9)
Scrolls
 h - 9 scrolls of identify {unknown}
 i - 3 scrolls of enchant weapon {unknown}
 j - a scroll of silence {unknown}
 k - 2 scrolls of vulnerability {unknown}
 l - a scroll of poison {unknown}
 n - a scroll of torment {unknown}
 o - a scroll of fear {unknown}
 q - a scroll of teleportation {unknown}
 t - a scroll of brand weapon {unknown}
 w - a scroll of enchant armour {unknown}
 x - a scroll of amnesia {unknown}
 y - a scroll of immolation {unknown}
Potions
 d - a potion of brilliance {unknown}
 e - a potion of flight {unknown}
 f - a potion of mutation {unknown}
 g - 3 potions of lignification {unknown}
 p - 5 potions of curing
 s - a potion of haste {unknown}
 u - a potion of ambrosia {unknown}
 C - a potion of berserk rage {unknown}


   Skills:
 + Level 7.5 Fighting
 * Level 10.5 Axes
 + Level 6.8 Armour
 + Level 6.8 Shields


You had 8 spell levels left.
You didn't know any spells.
Your spell library was empty.

Dungeon Overview and Level Annotations

Branches:
Dungeon (7/15)
 Temple: D:4-7

Altars:
Hepliaklqana
Makhleb
Vehumet
Wu Jian

Annotations:
D:3 exclusion: statue


Message History

The orc warrior is severely wounded.
You slash the orc!
You kill the orc!
You feel sick.
You are no longer poisoned.
The orc warrior hits you with a +0 battleaxe!
You closely miss the orc warrior.
The orc warrior is severely wounded.
The orc warrior hits you with a +0 battleaxe!
You hit the orc priest.
The orc priest is lightly wounded.
You barely miss the orc warrior. The orc warrior barely misses you.
The orc priest hits you with a +2 flail of protection.
* * * LOW HITPOINT WARNING * * *
You hit the orc priest but do no damage.
The orc priest shouts, "Join the one true god or die!"
The orc priest is lightly wounded.
You hit the orc warrior. You block the orc warrior's attack.
The orc priest hits you with a +2 flail of protection.
* * * LOW HITPOINT WARNING * * *
Unknown command.
You hit the orc priest.
The orc priest is heavily wounded.
You hit the orc warrior but do no damage.
The orc priest threatens, "By the altar or by the axe, you will meet Beogh!"
The orc warrior hits you with a +0 battleaxe!
* * * LOW HITPOINT WARNING * * *
You block the orc priest's attack.
The orc priest shouts, "Join the one true god or die!"
You hit the orc priest but do no damage.
The orc priest is heavily wounded.
You hit the orc warrior. You block the orc warrior's attack.
The orc priest hits you with a +2 flail of protection.
* * * LOW HITPOINT WARNING * * *
Unknown command.
You hit the orc priest but do no damage.
The orc priest is heavily wounded.
You hit the orc warrior but do no damage.
The orc warrior hits you with a +0 battleaxe!
You die...

.#########.#.....h##.#. #.#
..#....##..###.##5##.# ## ...
#...##.##..#.....†...#
.###.###.
###....##..#.#.##.######....c
.
........#..#.#.##.......####.#
####.##.#..............5......
.....÷)...##.#†#######..#.#...
#.....[...##.#..........#...o.
#...............@o...#<...o...
................o.......5.....
.###...#.#.#.........###5.S...
.# #...#.#.####.#.........#.#.
.####.##<#.###))............#
...............##.####.......
.####..#.....÷.#... . #...#
.......#.......#### # .#.#.
#####..#.###....# .#..


You could see an orc warrior and an orc priest.

Vanquished Creatures
  Pikel (D:6)
  Grinder (D:3)
  A water moccasin (D:6)
  2 sky beasts (D:7)
  A tengu (D:6)
  An ogre (D:6)
  2 centaurs (D:6)
  2 lemures
  4 bullfrogs
  A scorpion (D:4)
  2 howler monkeys (D:5)
  A jelly (D:6)
  4 hounds
  An orc priest (D:7)
  A gnoll bouda (D:7)
  3 iguanas (D:6)
  4 orc wizards
  Robin (D:2)
  12 gnolls
  5 adders
  2 shadow imps (D:6)
  An ufetubus (D:5)
  3 worms
  2 dart slugs
  9 orcs
  7 ball pythons
  4 endoplasms
  3 giant cockroaches
  18 goblins
  6 hobgoblins
  3 quokkas
  3 bats
  2 frilled lizards (D:1)
  9 kobolds
  8 rats
  A spectral orc (D:7)
131 creatures vanquished.

Notes
Turn   | Place    | Note
-------+----------+-------------------------------------------
     0 | D:1      | BubbleThief the Hill Orc Fighter began the quest for the
                  | Orb.
     0 | D:1      | Reached XP level 1. HP: 19/19 MP: 1/1
   212 | D:1      | Reached skill level 3 in Axes
   293 | D:1      | Reached XP level 2. HP: 27/27 MP: 2/2
   703 | D:1      | Reached XP level 3. HP: 33/33 MP: 3/3
  1099 | D:2      | Noticed Robin
  1112 | D:2      | Reached skill level 4 in Axes
  1114 | D:2      | Reached XP level 4. HP: 37/40 MP: 4/4
  1118 | D:2      | Killed Robin
  1697 | D:3      | Noticed Grinder
  1819 | D:4      | Noticed a scorpion
  1832 | D:4      | Killed a scorpion
  1833 | D:4      | Reached skill level 5 in Axes
  1833 | D:4      | Reached XP level 5. HP: 26/47 MP: 5/5
  2596 | D:3      | Paralysed by Grinder for 3 turns
  2604 | D:3      | Paralysed by Grinder for 2 turns
  2617 | D:3      | HP: 2/47 [Grinder (1)]
  2623 | D:3      | Killed Grinder
  2624 | D:3      | Reached skill level 5 in Fighting
  2624 | D:3      | Reached skill level 6 in Axes
  2624 | D:3      | Reached XP level 6. HP: 5/56 MP: 6/6
  3102 | D:3      | Reached XP level 7. HP: 58/61 MP: 7/7
  3174 | D:3      | Found a radiant altar of Vehumet.
  3410 | D:4      | Found a burning altar of Makhleb.
  3412 | D:4      | Noticed a green death
  3535 | D:4      | You fall into a shaft and drop 3 floors!
  3835 | D:6      | Reached skill level 5 in Shields
  3842 | D:6      | Reached skill level 7 in Axes
  3867 | D:5      | Entered Level 5 of the Dungeon
  3871 | D:5      | Reached skill level 5 in Armour
  3885 | D:5      | Noticed a vampire
  3951 | D:6      | Reached XP level 8. HP: 10/70 MP: 8/8
  4016 | D:7      | HP: 2/70 [something (5)]
  4021 | D:7      | Reached skill level 8 in Axes
  4615 | D:7      | Found a hazy altar of Hepliaklqana.
  4640 | D:7      | Became a worshipper of Hepliaklqana the Forgotten
  4753 | D:7      | Reached skill level 9 in Axes
  4939 | D:7      | Found an ornate altar of the Wu Jian Council.
  5171 | D:6      | Reached XP level 9. HP: 36/79 MP: 9/9
  5199 | D:6      | Noticed Pikel
  5454 | D:6      | Killed Pikel
  5455 | D:6      | Reached skill level 10 in Axes
  5567 | D:6      | Mangled by an orc warrior

Illustrated notes

Levels and vault maps discovered:
D:1:      lemuel_arrival_river_bridge, layout_basic,
          corexii_item_surrounded_by_moat
D:2:      layout_basic, uniq_robin
D:3:      layout_loops_corners, vehumet_statue, uniq_grinder
D:4:      layout_loops_ring, makhleb_altar_promises_db, chequers_big_river,
          hangedman_decor_growths, st_stairs_2
D:5:      layout_basic, minmay_manual_moon
D:6:      layout_basic, minmay_temple_entry_mini_moons, uniq_pikel
D:7:      layout_basic, pdpol_wu_jian_five_deadly_venoms,
          nicolae_hepliaklqana_monster_ancestors

Skill      XL: |  1  2  3  4  5  6  7  8  9 |
---------------+----------------------------+-----
Axes           | 3 4 5 6 7 9 10 | 10.5
Fighting       | 4 5 7 |  7.5
Shields        | 4 5 6 |  6.8
Armour         | 4 5 6 |  6.8

Action                     |  1- 3 |  4- 6 |  7- 9 || total
---------------------------+-------+-------+-------++-------
  Melee: War axe           |   100 |   108 |   219 ||   427
  Evoke: Wand              |       |       |     8 ||     8
    Use: Potion            |       |       |     1 ||     1
 Armour: Scale mail        |    57 |    29 |   119 ||   205
  Dodge: Dodged            |    56 |    37 |    96 ||   189
  Block: Buckler           |    24 |    18 |    68 ||   110

Table legend: (Time is in decaauts)
 A = Elapsed time spent in this place.
 B = Non-inter-level travel time spent in this place.
 C = Inter-level travel time spent in this place.
 D = Time resting spent in this place.
 E = Time spent auto-exploring this place.
 F = Levels seen in this place.
 G = Mean time per level.
                   A        B        C        D        E       F      G
               +--------+--------+--------+--------+--------+-----+--------+
         Total |   5668 |   5541 |    127 |    589 |   3765 |   7 |  809.7 |
       Dungeon |   5668 |   5541 |    127 |    589 |   3765 |   7 |  809.7 |
               +--------+--------+--------+--------+--------+-----+--------+

Top non-repeatable levels by time:
     D:7: 1461 daAuts
     D:3: 1227 daAuts
     D:1: 940 daAuts
     D:2: 898 daAuts
     D:4: 548 daAuts
     D:6: 537 daAuts
     D:5: 55 daAuts
